 Dungeon Crawl Stone Soup version 0.30-a0-743-gbfdf073431 (webtiles) character file.

Game seed: 4157811042937391433

21 Ajdolov the Sneak (level 2, 0/16 HPs)
             Began as a Vine Stalker Monk on Feb 5, 2023.
             Slain by an adder (1 damage)
             ... on level 2 of the Dungeon.
             The game lasted 00:01:01 (700 turns).

Ajdolov the Sneak (Vine Stalker Monk)                Turns: 700, Time: 00:01:02

Health: 0/16       AC:  2    Str: 13    XL:     2   Next: 87%
Magic:  0/3        EV: 12    Int: 10    God:
Gold:   79         SH:  0    Dex: 16    Spells: 1/1 levels left

rFire   + . .      SeeInvis .    h - +0 dagger
rCold   . . .      Faith    .    (no shield)
rNeg    . . .      Spirit   +    e - +0 robe {rF+}
rPois   .          Reflect  .    (no helmet)
rElec   .          Harm     .    (no cloak)
rCorr   .          Rampage  .    (no gloves)
Will    .....                    (no boots)
Stlth   +++                      (no amulet)
HPRegen 0.22/turn                (no ring)
MPRegen 0.08/turn                (no ring)

@: no status effects
A: fangs 2, magic shield, antimagic bite, no potion heal 2
a: no special abilities


You were on level 2 of the Dungeon.
You visited 1 branch of the dungeon, and saw 2 of its levels.

You collected 79 gold pieces.

Inventory:

Hand Weapons
 h - a +0 dagger (weapon)
Armour
 e - a +0 robe of fire resistance (worn)
Scrolls
 b - a scroll of enchant armour {unknown}
 f - a scroll of poison {unknown}
 g - 2 scrolls of teleportation {unknown}
Potions
 c - a potion of ambrosia
 d - a potion of mutation {unknown}


   Skills:
 - Level 2.6 Fighting
 + Level 3.0 Short Blades
 - Level 2.4 Dodging
 * Level 3.8 Stealth


You had one spell level left.
You didn't know any spells.
Your spell library was empty.

Dungeon Overview and Level Annotations

Branches:
Dungeon (2/15)

Altars:


Innate Abilities, Weirdness & Mutations

You have extremely sharp teeth.
When hurt, damage is shared between your health and your magic reserves.
Your bite disrupts and absorbs the magic of your enemies.
Potions cannot restore your health.


Message History

You hit the adder.
The adder is moderately wounded.
The adder bites you but does no damage.
You closely miss the adder.
The adder is moderately wounded.
The adder bites you but does no damage.
You closely miss the adder.
The adder is moderately wounded.
The adder bites you.
You hit the adder.
The adder is heavily wounded.
The adder bites you.
You closely miss the adder. Your bite misses the adder.
The adder is heavily wounded.
The adder barely misses you.
You closely miss the adder. Your bite misses the adder.
The adder is heavily wounded.
The adder bites you.
You closely miss the adder. Your bite misses the adder.
The adder is heavily wounded.
The adder closely misses you.
You miss the adder.
The adder is heavily wounded.
The adder bites you. The adder closely misses you.
You hit the adder. Your bite misses the adder.
The adder is severely wounded.
The adder bites you.
You barely miss the adder.
The adder is severely wounded.
The adder bites you.
* * * LOW HITPOINT WARNING * * *
You hit the adder. You bite the adder. You drain its power.
You feel invigorated.
The adder is almost dead.
The adder bites you.
* * * LOW HITPOINT WARNING * * *
You miss the adder. Your bite misses the adder.
The adder is almost dead.
The adder bites you.
You die...

#..........#
###..........#
.............#
#..........#
#..........#
#...B<.....#
####g#######
#S# #@# #.#
#.# #.# #.#
..# ..# ..#


You could see an adder, a giant cockroach and a hobgoblin.

Vanquished Creatures
  A dart slug (D:1)
  2 endoplasms (D:1)
  A giant cockroach (D:2)
  2 goblins (D:1)
  2 hobgoblins (D:1)
  A quokka (D:1)
  2 ball pythons (D:1)
  4 bats (D:1)
  2 frilled lizards (D:1)
  2 rats (D:1)
19 creatures vanquished.

Notes
Turn   | Place    | Note
-------+----------+-------------------------------------------
     0 | D:1      | Ajdolov the Vine Stalker Monk began the quest for the Orb.
     0 | D:1      | Reached XP level 1. HP: 11/11 MP: 2/2
   179 | D:1      | Reached XP level 2. HP: 16/16 MP: 3/3
   700 | D:2      | Slain by an adder

Illustrated notes

Levels and vault maps discovered:
D:1:      tarquinn_simple_flora_water_d, layout_loops_ring, hex_medium
D:2:      minmay_spotlight, layout_basic, dk_noncrumbling_2, uniq_robin,
          uniq_jessica

Skill      XL: |  1  2 |
---------------+-------+-----
Stealth        | 3 |  3.8
Short Blades   | 3 |  3.0
Fighting       | |  2.6
Dodging        | |  2.4

Action                     || total
---------------------------++-------
  Melee: Short sword       ||    30
         Bite              ||    11
         Dagger            ||    27
   Stab: Sleeping          ||    10
 Armour: Robe              ||     8
  Dodge: Dodged            ||    18

Table legend: (Time is in decaauts)
 A = Elapsed time spent in this place.
 B = Non-inter-level travel time spent in this place.
 C = Inter-level travel time spent in this place.
 D = Time resting spent in this place.
 E = Time spent auto-exploring this place.
 F = Levels seen in this place.
 G = Mean time per level.
                   A        B        C        D        E       F      G
               +--------+--------+--------+--------+--------+-----+--------+
         Total |    691 |    665 |     26 |      0 |    502 |   2 |  345.5 |
       Dungeon |    691 |    665 |     26 |      0 |    502 |   2 |  345.5 |
               +--------+--------+--------+--------+--------+-----+--------+

Top non-repeatable levels by time:
     D:1: 672 daAuts
     D:2: 19 daAuts
